 Dungeon Crawl Stone Soup version 0.29.1-12-g30fa7ad0bf (webtiles) character file.

Game seed: 18207192540145027156

61 hawla the Chiller (level 4, -3/33 HPs)
             Began as a Meteoran Ice Elementalist on Dec 12, 2022.
             Slain by a gnoll
             ... wielding a +0 whip
              (5 damage)
             ... on level 3 of the Dungeon.
             The game lasted 00:02:54 (343 turns).

hawla the Chiller (Meteoran Ice Elementalist)        Turns: 343, Time: 00:02:54

Health: -3/33      AC:  2    Str:  7 (9)  XL:     4   Next: 51%
Magic:  0/9        EV: 12    Int: 16 (18) God:
Gold:   31         SH:  0    Dex: 12 (15) Spells: 4/8 levels left

rFire   . . .      SeeInvis .   e - staff of air
rCold   . . .      Faith    .   (no shield)
rNeg    . . .      Spirit   .   a - +0 robe
rPois   .          Reflect  .   (no helmet)
rElec   +          Harm     .   (no cloak)
rCorr   .          Rampage  .   (no gloves)
Will    .....                   (no boots)
Stlth   +.........              (no amulet)
HPRegen 0.11/turn               (no ring)
MPRegen 0.11/turn               (no ring)

@: glowing
A: sense surroundings 1, otherworldly, glowing, explore regen
a: no special abilities


You were on level 3 of the Dungeon.
You visited 1 branch of the dungeon, and saw 4 of its levels.

You collected 31 gold pieces.

Inventory:

Armour
 a - a +0 robe (worn)
Magical Staves
 e - a staff of air (weapon)
Scrolls
 c - 2 scrolls of enchant armour {unknown}
 d - a scroll of magic mapping {unknown}
 f - 3 scrolls of fear {unknown}
Potions
 b - a potion of magic


   Skills:
 + Level 2.5 Dodging
 - Level 1.4 Stealth
 + Level 2.9 Spellcasting
 + Level 5.1 Ice Magic
 + Level 2.0 Air Magic
 + Level 2.0 Evocations


You had 4 spell levels left.
You knew the following spells:

 Your Spells              Type           Power      Damage    Failure   Level
a - Freeze                Ice            72%        1d9       2%          1
b - Frozen Ramparts       Ice            36%        1d6       7%          3

Your spell library contained the following spells:

 Spells                   Type           Power      Damage    Failure   Level
 Ozocubu's Armour         Ice            18%        N/A       7%          3
 Ensorcelled Hibernation  Hex/Ice        20%        N/A       10%         2
 Magic Dart               Conj           8%         1d3       19%         1
 Swiftness                Air            13%        N/A       26%         3
 Call Imp                 Summ           2%         N/A       28%         2
 Passwall                 Tmut/Erth      1%         N/A       28%         2
 Mephitic Cloud           Conj/Pois/Air  6%         N/A       41%         3
 Hailstorm                Conj/Ice       10%        3d5       54%         4


Dungeon Overview and Level Annotations

Branches:
Dungeon (4/15) Zot: 2055
 Temple: D:4-7

Altars:


Innate Abilities, Weirdness & Mutations

You passively map a small area around you.
You are easily found by Zot.
You glow in the dark.
You regain HP and MP as you explore.


Message History

A stone staircase leading down.
The walls around you are covered in ice.
The wall freezes the gnoll but does no damage.
The gnoll hits you with a +0 flail!
Unknown command.
You closely miss the gnoll.
The wall freezes the gnoll but does no damage.
The gnoll completely misses you.
Unknown command.
You hit the gnoll.
The gnoll is moderately wounded.
The wall freezes the gnoll but does no damage.
Casting: Frozen Ramparts (dangerous; 6% risk of failure)
Confirm with . or Enter, or press ? or * to list all spells.
Aiming: Freeze (safe; 1% risk of failure)
Press: ? - help, Shift-Dir - straight line, f - gnoll
Aim: a gnoll, wielding a +0 flail (moderately wounded)
You freeze the gnoll.
The gnoll is moderately wounded.
The wall freezes the gnoll.
The gnoll barely misses you.
The wall freezes the gnoll but does no damage.
The gnoll barely misses you.
You hit the gnoll but do no damage.
You hear the slow rusting of a distant drain.
The wall freezes the gnoll.
The gnoll hits you with a +0 flail.
The wall freezes the gnoll.
The wall freezes the gnoll but does no damage.
You closely miss the gnoll.
The gnoll is almost dead.
The frozen ramparts melt away.
The gnoll hits you with a +0 flail.
* * * LOW HITPOINT WARNING * * *
The gnoll hits you with a +0 whip.
* * * LOW HITPOINT WARNING * * *
Unknown command.
Okay, then.
It was a potion of degeneration.
There was something very wrong with that liquid.
You feel weakened.
You feel dopey.
You feel clumsy. The gnoll barely misses you.
The gnoll hits you with a +0 whip.
You die...

,.........######### *
,#.......#......[. ,*
#.......#........ ,*
#................ ,
,#.......†<....... ,
#..#...#†........
#####....###.######..
.....ggg## #.# #
#####.#@# #.# ,
,#.#.# #.# * * #.#.#
#.#* , *, ,#.#.# *...
* * * #.# , * * #.# ,
** * ,, , * #.# ** *
** ,#.. , , ,


You could see 3 gnolls.

Vanquished Creatures
  A hound (D:3)
  An adder (D:3)
  2 dart slugs
  An endoplasm (D:1)
  2 goblins (D:2)
  4 hobgoblins (D:2)
  3 jackals (D:1)
  2 ball pythons (D:2)
  A frilled lizard (D:3)
  A kobold (D:1)
18 creatures vanquished.

Vanquished Creatures (others)
  3 plants (D:2)
  A withered plant (D:2)
4 creatures vanquished.

Grand Total: 22 creatures vanquished

Notes
Turn   | Place    | Note
-------+----------+-------------------------------------------
     0 | D:1      | hawla the Meteoran Ice Elementalist began the quest for the
                  | Orb.
     0 | D:1      | Reached XP level 1. HP: 14/14 MP: 5/5
    23 | D:1      | Reached XP level 2. HP: 19/20 MP: 0/6
   112 | D:2      | Reached skill level 5 in Ice Magic
   238 | D:2      | Reached XP level 3. HP: 23/26 MP: 5/8
   298 | D:3      | Reached skill level 1 in Air Magic
   298 | D:3      | Reached skill level 1 in Evocations
   298 | D:3      | Reached XP level 4. HP: 27/33 MP: 5/9
   324 | D:4      | Learned a level 3 spell: Frozen Ramparts
   343 | D:3      | Slain by a gnoll

Illustrated notes

Levels and vault maps discovered:
D:1:      dpeg_arrival_boxorama, layout_basic, serial_glass, glass_columns_a,
          glass_columns_a, item_on_display_a, item_on_display_b
D:2:      cheibrodos_greedy_goblins, layout_basic,
          shapermc_ecumenical_altar_flowoftime, basic_altar
D:3:      layout_rooms, serial_shops, shop, gup_sewer_entry_bubbles,
          roderic_lattice_a
D:4:      layout_rooms, nicolae_overflow_crystal_walls,
          nicolae_ashenzari_panopticon, nicolae_ru_awakened_eye,
          gup_ossuary_entry_pyramid

Skill      XL: |  1  2  3  4 |
---------------+-------------+-----
Ice Magic      | 5 |  5.1
Air Magic      | 1 2 |  2.0
Evocations     | 1 2 |  2.0
Dodging        | |  2.5
Stealth        | |  1.4
Spellcasting   | |  2.9

Action                   |  1- 3 |  4- 6 || total
-------------------------+-------+-------++-------
Melee: Staff             |     1 |     4 ||     5
 Cast: Freeze            |    24 |     5 ||    29
       Frozen Ramparts   |       |     3 ||     3
  Use: Potion            |       |     1 ||     1
Armor: Robe              |     3 |     2 ||     5
Dodge: Dodged            |    12 |     7 ||    19
